Manchots vs Punishers
Created - 28 octobre 2012 at 22:12
Simulating a Pre-Season
Goals
|
Manchots |
2 |
4 |
2 |
8 |
Punishers |
1 |
4 |
2 |
7 |
|
Shots
|
Manchots |
15 |
19 |
7 |
41 |
Punishers |
8 |
14 |
17 |
39 |
|
1st period
1. Manchots , Riley Armstrong 1 (Petr Sykora) at 0:38 (SH)
2. Punishers , Mark Fraser 1 (Alyn McCauley, Stu Bickel) at 1:44 (PP)
3. Manchots , Petr Sykora 1 (Bryan Allen, Riley Armstrong) at 10:27
Penalties :
Pernell Karl Subban (Out) for Interference (Minor) at 0:29, Bobby Butler (Out) for Tripping (Minor) at 3:27, Ryan White (Pro) for High sticking (Minor) at 16:48
2nd period
4. Punishers , Alyn McCauley 1 (Jimmie Olvestad, Chris Conner) at 2:21
5. Punishers , Adam Pineault 1 (Kirk Maltby) at 7:22
6. Punishers , Mike Grier 1 (Dave Bolland, Mark Fraser) at 9:09
7. Manchots , Riley Armstrong 2 (Petr Sykora, Ben Eager) at 10:18 (PP)
8. Manchots , Bobby Butler 1 (Riley Armstrong, Petr Sykora) at 13:41
9. Punishers , Mike Blunden 1 (Ryan White) at 15:55
10. Manchots , Jamie Benn 1 (Alexander Radulov, Martin Hanzal) at 17:28
11. Manchots , Alexander Radulov 1 (Martin Hanzal) at 18:09
Penalties :
Mike Grier (Pro) for Interference (Minor) at 2:38, Jean-Luc Grand-Pierre (Pro) for Delaying the game (Minor) at 9:16
3rd period
12. Manchots , Riley Armstrong 3 (Ben Eager, Petr Sykora) at 6:52 (PP)
13. Punishers , Ryan White 1 (Kris Chucko, Karri Ramo) at 8:40
14. Manchots , Ben Eager 1 (Petr Sykora, Riley Armstrong) at 8:49 (PP)
15. Punishers , Mike Blunden 2 (Jean-Luc Grand-Pierre, Ryan White) at 18:01
Penalties :
Mike Grier (Pro) for Tripping (Minor) at 2:51, Adam Pineault (Pro) for High sticking (Minor) at 6:06, Kirk Maltby (Pro) for Hooking (Minor) at 8:47, Bryan Allen (Out) for High sticking (Double Minor) at 9:47, Jamie Benn (Out) for Hooking (Minor) at 14:32
Goalie Stats
Manny Fernandez (Out), 20 saves from 23 shots - (0,870), W, 1-0-0, 30:51 minutes
Ondrej Pavelec (Out), 12 saves from 16 shots - (0,750), 29:09 minutes
Curtis McElhinney (Pro), 2 saves from 2 shots - (1,000), 10:18 minutes
Karri Ramo (Pro), 31 saves from 39 shots - (0,795), L, 0-1-0, 48:49 minutes
Players Stats for Manchots
Player Name G A P +/- PIM S H SB GA TA FO MP PP MP PK MP
------------------------------------------------------------------------------------
Alexander Radulov 1 1 2 0 0 8 1 0 2 1 2/2 21:53 3:20 3:01
Andrew Murray 0 0 0 0 0 3 3 1 1 0 3/9 14:25 3:20 3:21
Ben Eager 1 2 3 0 0 1 2 1 1 0 0/0 14:48 4:19 1:26
Bobby Butler 1 0 1 0 2 1 0 0 0 0 0/0 14:16 3:20 0:00
Bryan Allen 0 1 1 1 4 1 2 6 0 2 0/0 27:38 4:30 2:36
Cal Clutterbuck 0 0 0 0 0 0 1 0 0 0 0/0 9:44 0:08 1:19
Eric Tangradi 0 0 0 -2 0 0 1 1 0 0 0/0 7:23 0:00 0:00
Jamie Benn 1 0 1 0 2 2 0 0 1 0 1/1 15:54 0:00 0:00
Kris Russell 0 0 0 -1 0 0 0 1 0 0 0/0 10:12 0:00 1:08
Martin Hanzal 0 2 2 0 0 7 1 0 2 0 20/29 15:50 0:08 0:03
Matt Corrente 0 0 0 -1 0 0 0 3 0 0 0/0 12:14 0:00 2:24
Pernell Karl Subban 0 0 0 0 2 2 0 1 0 0 0/0 25:35 3:17 3:40
Petr Sykora 1 5 6 1 0 4 2 2 1 1 6/9 20:48 4:19 4:40
Riley Armstrong 3 3 6 1 0 10 2 0 3 0 18/27 20:42 4:19 4:34
Sandis Ozolinsh 0 0 0 -1 0 1 0 0 0 2 0/0 19:56 3:17 3:53
Spencer Machacek 0 0 0 -2 0 0 1 0 0 0 0/1 7:23 0:00 0:00
Stanislav Neckar 0 0 0 0 0 1 0 1 0 1 0/0 24:31 4:30 4:43
Tyler Kennedy 0 0 0 -2 0 0 2 0 1 1 2/2 7:32 0:08 0:00
Players Stats for Punishers
Player Name G A P +/- PIM S H SB GA TA FO MP PP MP PK MP
------------------------------------------------------------------------------------
Adam McQuaid 0 0 0 2 0 0 0 1 0 1 0/0 10:17 0:44 0:36
Adam Pineault 1 0 1 1 2 1 3 0 0 0 0/0 9:16 0:51 0:00
Alyn McCauley 1 1 2 -1 0 3 2 0 1 0 6/13 18:55 4:17 2:29
Chris Conner 0 1 1 -1 0 2 1 1 2 1 0/0 16:35 4:20 0:00
Dave Bolland 0 1 1 -1 0 3 2 1 0 0 10/45 22:07 4:03 1:45
Jean-Luc Grand-Pierre 0 1 1 -4 2 4 2 2 0 2 0/0 29:08 4:31 4:18
Jimmie Olvestad 0 1 1 -1 0 3 2 0 1 1 0/0 18:22 4:20 1:53
Kirk Maltby 0 1 1 -1 2 2 2 2 1 0 2/3 25:12 4:05 4:31
Kris Chucko 0 1 1 2 0 1 2 0 0 1 0/0 6:42 0:12 0:18
Marc-André Bergeron 0 0 0 -4 0 2 1 1 0 3 0/0 30:05 4:51 5:08
Mark Fraser 1 1 2 3 0 2 1 1 0 1 0/0 20:36 4:09 2:17
Mike Blunden 2 0 2 2 0 3 1 0 0 0 0/0 6:31 0:04 0:00
Mike Grier 1 0 1 -1 4 5 3 0 2 2 4/8 22:50 4:02 2:20
Pavel Valentenko 0 0 0 2 0 0 1 2 0 0 0/0 7:45 0:00 1:12
Petteri Nokelainen 0 0 0 1 0 0 0 1 1 0 5/8 10:58 0:34 2:18
Ryan White 1 2 3 2 2 2 0 0 0 0 1/3 6:11 0:00 0:00
Stu Bickel 0 1 1 3 0 5 3 0 0 0 0/0 21:46 4:09 2:03
Viktor Stalberg 0 0 0 1 0 1 2 0 0 0 0/0 8:51 0:48 0:00
3 Stars
1 - Riley Armstrong (Out)
2 - Petr Sykora (Out)
3 - Mike Blunden (Pro)
Power Play
Manchots - 3 on 6 Attempt(s) - 50,00%
Punishers - 1 on 5 Attempt(s) - 20,00%
Penalty Kill
Manchots - 4 on 5 Attempt(s) - 80,00%
- Score 1 goal in Penalty Kill
Punishers - 3 on 6 Attempt(s) - 50,00%
- Score 0 goal in Penalty Kill
Official
Referees : Joannette Marc and StLaurent Francois
Linesman : Steve Barton and Brian Murphy
Game Notes
Manny Fernandez enters game at 9:09 of 2nd period
Pavel Valentenko is injured at 17:16 of 2nd period (Right Hand)
Riley Armstrong has scored a Hat Trick!
Curtis McElhinney enters game at 8:49 of 3rd period
Manchots
5 vs 5 Forward
Center Left Wing Right Wing Time % Phy DF OF
1 Martin Hanzal Jamie Benn Alexander Radulov 40 1 2 2
2 Riley Armstrong Bobby Butler Petr Sykora 30 1 2 2
3 Andrew Murray Ben Eager Cal Clutterbuck 20 1 2 2
4 Tyler Kennedy Eric Tangradi Spencer Machacek 10 1 2 2
5 vs 5 Defense
Defense Defense Time % Phy DF OF
1 Bryan Allen Pernell Karl Subban 40 1 2 2
2 Sandis Ozolinsh Stanislav Neckar 30 1 2 2
3 Kris Russell Matt Corrente 20 1 2 2
4 Bryan Allen Stanislav Neckar 10 1 2 2
PowerPlay Forward
Center Left Wing Right Wing Time % Phy DF OF
1 Riley Armstrong Ben Eager Petr Sykora 60 1 2 2
2 Andrew Murray Bobby Butler Alexander Radulov 40 1 2 2
PowerPlay Defense
Defense Defense Time % Phy DF OF
1 Bryan Allen Stanislav Neckar 60 1 2 2
2 Sandis Ozolinsh Pernell Karl Subban 40 1 2 2
Penalty Kill 4 Players Forward
Center Wing Time % Phy DF OF
1 Petr Sykora Riley Armstrong 60 1 2 2
2 Andrew Murray Alexander Radulov 40 1 2 2
Penalty Kill 4 Players Defense
Defense Defense Time % Phy DF OF
1 Bryan Allen Stanislav Neckar 60 1 2 2
2 Sandis Ozolinsh Pernell Karl Subban 40 1 2 2
Penalty Kill - 3 Players Forward
Forward Time % Phy DF OF
1 Petr Sykora 60 1 2 2
2 Riley Armstrong 40 1 2 2
Penalty Kill - 3 Players Defense
Defense Defense Time % Phy DF OF
1 Bryan Allen Stanislav Neckar 60 1 2 2
2 Sandis Ozolinsh Pernell Karl Subban 40 1 2 2
4 vs 4 Forward
Center Wing Time % Phy DF OF
1 Petr Sykora Riley Armstrong 60 1 2 2
2 Andrew Murray Alexander Radulov 40 1 2 2
4 vs 4 Defense
Defense Defense Time % Phy DF OF
1 Bryan Allen Stanislav Neckar 60 1 2 2
2 Sandis Ozolinsh Pernell Karl Subban 40 1 2 2
Last Minutes Offensive
Center Left Wing Right Wing Defense Defense
Riley Armstrong Ben Eager Petr Sykora Bryan Allen Stanislav Neckar
Last Minutes Defensive
Center Left Wing Right Wing Defense Defense
Riley Armstrong Ben Eager Petr Sykora Bryan Allen Stanislav Neckar
Goaltenders
Starting : Ondrej Pavelec
Backup : Manny Fernandez
Extra Forwards
Normal : Martin Hanzal, Tyler Kennedy, Cal Clutterbuck - PP : Martin Hanzal, Tyler Kennedy - PK : Cal Clutterbuck
Extra Defensemen
Normal : Kris Russell, Matt Corrente, Sandis Ozolinsh - PP : Kris Russell - PK : Matt Corrente, Sandis Ozolinsh
Penalty Shots
Petr Sykora, Riley Armstrong, Andrew Murray, Alexander Radulov, Martin Hanzal
Punishers
5 vs 5 Forward
Center Left Wing Right Wing Time % Phy DF OF
1 Dave Bolland Kirk Maltby Mike Grier 40 1 2 2
2 Alyn McCauley Jimmie Olvestad Chris Conner 30 1 2 2
3 Petteri Nokelainen Viktor Stalberg Adam Pineault 20 1 2 2
4 Ryan White Kris Chucko Mike Blunden 10 1 2 2
5 vs 5 Defense
Defense Defense Time % Phy DF OF
1 Marc-André Bergeron Jean-Luc Grand-Pierre 40 1 2 2
2 Stu Bickel Mark Fraser 30 1 2 2
3 Adam McQuaid Pavel Valentenko 20 1 2 2
4 Marc-André Bergeron Jean-Luc Grand-Pierre 10 1 2 2
PowerPlay Forward
Center Left Wing Right Wing Time % Phy DF OF
1 Dave Bolland Kirk Maltby Mike Grier 60 1 2 2
2 Alyn McCauley Jimmie Olvestad Chris Conner 40 1 2 2
PowerPlay Defense
Defense Defense Time % Phy DF OF
1 Marc-André Bergeron Jean-Luc Grand-Pierre 60 1 2 2
2 Stu Bickel Mark Fraser 40 1 2 2
Penalty Kill 4 Players Forward
Center Wing Time % Phy DF OF
1 Mike Grier Kirk Maltby 60 1 2 2
2 Dave Bolland Alyn McCauley 40 1 2 2
Penalty Kill 4 Players Defense
Defense Defense Time % Phy DF OF
1 Marc-André Bergeron Jean-Luc Grand-Pierre 60 1 2 2
2 Stu Bickel Mark Fraser 40 1 2 2
Penalty Kill - 3 Players Forward
Forward Time % Phy DF OF
1 Mike Grier 60 1 2 2
2 Kirk Maltby 40 1 2 2
Penalty Kill - 3 Players Defense
Defense Defense Time % Phy DF OF
1 Marc-André Bergeron Jean-Luc Grand-Pierre 60 1 2 2
2 Stu Bickel Mark Fraser 40 1 2 2
4 vs 4 Forward
Center Wing Time % Phy DF OF
1 Mike Grier Kirk Maltby 60 1 2 2
2 Dave Bolland Alyn McCauley 40 1 2 2
4 vs 4 Defense
Defense Defense Time % Phy DF OF
1 Marc-André Bergeron Jean-Luc Grand-Pierre 60 1 2 2
2 Stu Bickel Mark Fraser 40 1 2 2
Last Minutes Offensive
Center Left Wing Right Wing Defense Defense
Dave Bolland Kirk Maltby Mike Grier Marc-André Bergeron Jean-Luc Grand-Pierre
Last Minutes Defensive
Center Left Wing Right Wing Defense Defense
Dave Bolland Kirk Maltby Mike Grier Marc-André Bergeron Jean-Luc Grand-Pierre
Goaltenders
Starting : Karri Ramo
Backup : Curtis McElhinney
Extra Forwards
Normal : Viktor Stalberg, Adam Pineault, Petteri Nokelainen - PP : Viktor Stalberg, Adam Pineault - PK : Petteri Nokelainen
Extra Defensemen
Normal : Adam McQuaid, Pavel Valentenko, Stu Bickel - PP : Adam McQuaid - PK : Pavel Valentenko, Stu Bickel
Penalty Shots
Mike Grier, Kirk Maltby, Dave Bolland, Alyn McCauley, Jimmie Olvestad
% Time on Ice - Manchots
Lines # - Real PCT - Wanted PCT - Time Play
Normal Forward
1 - 39% - 40% - 16:22
2 - 25% - 30% - 10:39
3 - 18% - 20% - 7:31
4 - 18% - 10% - 7:23
Normal Defense
1 - 43% - 40% - 18:08
2 - 30% - 30% - 12:46
3 - 22% - 20% - 9:04
4 - 5% - 10% - 1:57
PP Forward
1 - 57% - 60% - 4:27
2 - 43% - 40% - 3:20
PP Defense
1 - 58% - 60% - 4:30
2 - 42% - 40% - 3:17
PK Forward
1 - 67% - 60% - 6:11
2 - 33% - 40% - 3:01
PK Defense
1 - 66% - 60% - 6:03
2 - 34% - 40% - 3:09
PK3 Forward
1 - 0% - 60%
2 - 0% - 40%
PK3 Defense
1 - 0% - 60%
2 - 0% - 40%
44 Forward
1 - 0% - 60%
2 - 0% - 40%
44 Defense
1 - 0% - 60%
2 - 0% - 40%
Last Minute Offensive - 0:00
Last Minute Defensive - 1:06
Total
Forward - 60:00
Defense - 60:00
|
% Time on Ice - Punishers
Lines # - Real PCT - Wanted PCT - Time Play
Normal Forward
1 - 38% - 40% - 15:46
2 - 29% - 30% - 12:09
3 - 19% - 20% - 7:48
4 - 15% - 10% - 6:12
Normal Defense
1 - 41% - 40% - 17:15
2 - 33% - 30% - 13:48
3 - 22% - 20% - 9:23
4 - 4% - 10% - 1:29
PP Forward
1 - 53% - 60% - 4:52
2 - 47% - 40% - 4:20
PP Defense
1 - 55% - 60% - 5:03
2 - 45% - 40% - 4:09
PK Forward
1 - 87% - 60% - 6:44
2 - 13% - 40% - 1:03
PK Defense
1 - 71% - 60% - 5:30
2 - 29% - 40% - 2:17
PK3 Forward
1 - 0% - 60%
2 - 0% - 40%
PK3 Defense
1 - 0% - 60%
2 - 0% - 40%
44 Forward
1 - 0% - 60%
2 - 0% - 40%
44 Defense
1 - 0% - 60%
2 - 0% - 40%
Last Minute Offensive - 1:06
Last Minute Defensive - 0:00
Total
Forward - 60:00
Defense - 60:00
|
Play by Play
1st period
0:01 of 1st period - Martin Hanzal wins face-off versus Dave Bolland in neutral zone.
0:12 of 1st period - Snap shot by Martin Hanzal.
0:12 of 1st period - Shot Blocked by Jean-Luc Grand-Pierre.
0:29 of 1st period - Minor Penalty to Pernell Karl Subban for Interference.
0:30 of 1st period - Petr Sykora wins face-off versus Dave Bolland in Manchots zone.
0:30 of 1st period - Petr Sykora is hit by Mike Grier.
0:38 of 1st period - Snap shot by Riley Armstrong.
0:38 of 1st period - Goal by Riley Armstrong - Manchots : 1 - Punishers : 0.
0:39 of 1st period - Alyn McCauley wins face-off versus Andrew Murray in neutral zone.
0:47 of 1st period - Slapshot by Mark Fraser.
0:47 of 1st period - Stopped by Ondrej Pavelec without a rebound.
0:48 of 1st period - Alyn McCauley wins face-off versus Andrew Murray in Manchots zone.
1:06 of 1st period - Icing by Alyn McCauley.
1:07 of 1st period - Petr Sykora wins face-off versus Alyn McCauley in Punishers zone.
1:34 of 1st period - Snap shot by Alyn McCauley.
1:34 of 1st period - Shot Blocked by Bryan Allen.
1:36 of 1st period - Slapshot by Mark Fraser.
1:36 of 1st period - Shot Misses the Net.
1:38 of 1st period - Slapshot by Stu Bickel.
1:38 of 1st period - Shot Blocked by Bryan Allen.
1:42 of 1st period - Snap shot by Alyn McCauley.
1:42 of 1st period - Shot Blocked by Bryan Allen.
1:44 of 1st period - Slapshot by Mark Fraser.
1:44 of 1st period - Goal by Mark Fraser - Manchots : 1 - Punishers : 1.
1:45 of 1st period - Riley Armstrong wins face-off versus Dave Bolland in neutral zone.
2:14 of 1st period - Petteri Nokelainen is hit by Alexander Radulov and loses puck.
2:31 of 1st period - Cal Clutterbuck is hit by Alyn McCauley and loses puck.
2:59 of 1st period - Wrist shot by Kris Chucko.
2:59 of 1st period - Deflect By Ryan White.
2:59 of 1st period - Stopped by Ondrej Pavelec with a rebound.
3:01 of 1st period - Slapshot by Jean-Luc Grand-Pierre.
3:01 of 1st period - Shot Blocked by Andrew Murray.
3:03 of 1st period - Slapshot by Jean-Luc Grand-Pierre.
3:03 of 1st period - Stopped by Ondrej Pavelec without a rebound.
3:04 of 1st period - Martin Hanzal wins face-off versus Alyn McCauley in Manchots zone.
3:19 of 1st period - Pavel Valentenko is hit by Bryan Allen and loses puck.
3:27 of 1st period - Minor Penalty to Bobby Butler for Tripping.
3:28 of 1st period - Petr Sykora wins face-off versus Dave Bolland in Manchots zone.
3:53 of 1st period - Marc-André Bergeron is hit by Andrew Murray and loses puck.
4:26 of 1st period - Petr Sykora is hit by Stu Bickel and loses puck.
5:27 of 1st period - Penalty to Bobby Butler is over, Bobby Butler is back on ice.
5:29 of 1st period - Pernell Karl Subban is hit by Jean-Luc Grand-Pierre and loses puck.
5:38 of 1st period - Snap shot by Viktor Stalberg.
5:38 of 1st period - Shot Blocked by Pernell Karl Subban.
5:56 of 1st period - Sandis Ozolinsh is hit by Pavel Valentenko and loses puck.
6:09 of 1st period - Wrist shot by Martin Hanzal.
6:09 of 1st period - Shot Misses the Net.
6:11 of 1st period - Wrist shot by Alexander Radulov.
6:11 of 1st period - Shot Hit the Post.
6:13 of 1st period - Slapshot by Martin Hanzal.
6:13 of 1st period - Shot Blocked by Adam McQuaid.
6:15 of 1st period - Slapshot by Pernell Karl Subban.
6:15 of 1st period - Shot Misses the Net.
6:17 of 1st period - Wrist shot by Sandis Ozolinsh.
6:17 of 1st period - Shot Misses the Net.
7:02 of 1st period - Tyler Kennedy is hit by Kris Chucko.
7:34 of 1st period - Slapshot by Alexander Radulov.
7:34 of 1st period - Stopped by Karri Ramo with a rebound.
7:40 of 1st period - Slapshot by Martin Hanzal.
7:40 of 1st period - Stopped by Karri Ramo with a rebound.
7:44 of 1st period - Wrist shot by Alexander Radulov.
7:44 of 1st period - Stopped by Karri Ramo without a rebound.
7:45 of 1st period - Alyn McCauley wins face-off versus Andrew Murray in Punishers zone.
7:52 of 1st period - Snap shot by Alyn McCauley.
7:52 of 1st period - Stopped by Ondrej Pavelec with a rebound.
8:00 of 1st period - Backhand shot by Chris Conner.
8:00 of 1st period - Stopped by Ondrej Pavelec with a rebound.
8:10 of 1st period - Kirk Maltby is hit by Petr Sykora and loses puck.
9:05 of 1st period - Slapshot by Martin Hanzal.
9:05 of 1st period - Stopped by Karri Ramo without a rebound.
9:06 of 1st period - Riley Armstrong wins face-off versus Dave Bolland in Punishers zone.
9:33 of 1st period - Jean-Luc Grand-Pierre is hit by Martin Hanzal and loses puck.
9:38 of 1st period - Wrist shot by Martin Hanzal.
9:38 of 1st period - Deflect By Alyn McCauley.
9:38 of 1st period - Shot Misses the Net.
9:38 of 1st period - Puck is out of play.
9:39 of 1st period - Martin Hanzal wins face-off versus Alyn McCauley in Punishers zone.
9:47 of 1st period - Off-side.
9:48 of 1st period - Martin Hanzal wins face-off versus Alyn McCauley in neutral zone.
9:53 of 1st period - Snap shot by Alexander Radulov.
9:53 of 1st period - Stopped by Karri Ramo without a rebound.
9:54 of 1st period - Dave Bolland wins face-off versus Martin Hanzal in Punishers zone.
10:27 of 1st period - Snap shot by Petr Sykora.
10:27 of 1st period - Goal by Petr Sykora - Manchots : 2 - Punishers : 1.
10:28 of 1st period - Dave Bolland wins face-off versus Riley Armstrong in neutral zone.
10:42 of 1st period - Snap shot by Riley Armstrong.
10:42 of 1st period - Shot Misses the Net.
10:44 of 1st period - Slapshot by Riley Armstrong.
10:44 of 1st period - Stopped by Karri Ramo with a rebound.
11:25 of 1st period - Snap shot by Andrew Murray.
11:25 of 1st period - Stopped by Karri Ramo with a rebound.
11:27 of 1st period - Wrist shot by Andrew Murray.
11:27 of 1st period - Stopped by Karri Ramo with a rebound.
11:39 of 1st period - Wrist shot by Riley Armstrong.
11:39 of 1st period - Stopped by Karri Ramo with a rebound.
11:41 of 1st period - Backhand shot by Riley Armstrong.
11:41 of 1st period - Stopped by Karri Ramo with a rebound.
11:43 of 1st period - Slapshot by Stanislav Neckar.
11:43 of 1st period - Deflect By Riley Armstrong.
11:43 of 1st period - Shot Blocked by Mark Fraser.
11:43 of 1st period - Puck is out of play.
11:44 of 1st period - Riley Armstrong wins face-off versus Dave Bolland in Punishers zone.
11:53 of 1st period - Wrist shot by Mike Grier.
11:53 of 1st period - Shot Misses the Net.
12:06 of 1st period - Icing by Riley Armstrong.
12:07 of 1st period - Petteri Nokelainen wins face-off versus Martin Hanzal in Manchots zone.
12:52 of 1st period - Jimmie Olvestad is hit by Andrew Murray and loses puck.
13:39 of 1st period - Snap shot by Dave Bolland.
13:39 of 1st period - Stopped by Ondrej Pavelec without a rebound.
13:40 of 1st period - Tyler Kennedy wins face-off versus Dave Bolland in Manchots zone.
13:40 of 1st period - Tyler Kennedy is hit by Mike Grier.
13:48 of 1st period - Spencer Machacek is hit by Stu Bickel and loses puck.
14:13 of 1st period - Snap shot by Jimmie Olvestad.
14:13 of 1st period - Stopped by Ondrej Pavelec without a rebound.
14:14 of 1st period - Dave Bolland wins face-off versus Martin Hanzal in Manchots zone.
14:52 of 1st period - Slapshot by Alexander Radulov.
14:52 of 1st period - Shot Misses the Net.
14:54 of 1st period - Snap shot by Martin Hanzal.
14:54 of 1st period - Shot Misses the Net.
14:56 of 1st period - Wrist shot by Martin Hanzal.
14:56 of 1st period - Stopped by Karri Ramo without a rebound.
14:57 of 1st period - Dave Bolland wins face-off versus Riley Armstrong in Punishers zone.
15:29 of 1st period - Andrew Murray is hit by Viktor Stalberg and loses puck.
16:48 of 1st period - Minor Penalty to Ryan White for High sticking.
16:49 of 1st period - Mike Grier wins face-off versus Riley Armstrong in Punishers zone.
17:00 of 1st period - Snap shot by Petr Sykora.
17:00 of 1st period - Stopped by Karri Ramo with a rebound.
17:02 of 1st period - Wrist shot by Riley Armstrong.
17:02 of 1st period - Shot Misses the Net.
17:04 of 1st period - Slapshot by Stanislav Neckar.
17:04 of 1st period - Stopped by Karri Ramo with a rebound.
18:29 of 1st period - Pernell Karl Subban is hit by Alyn McCauley and loses puck.
18:36 of 1st period - Snap shot by Alyn McCauley.
18:36 of 1st period - Shot Misses the Net.
18:48 of 1st period - Penalty to Ryan White is over, Ryan White is back on ice.
2nd period
0:01 of 2nd period - Martin Hanzal wins face-off versus Dave Bolland in neutral zone.
0:27 of 2nd period - Riley Armstrong is hit by Viktor Stalberg.
0:33 of 2nd period - Snap shot by Riley Armstrong.
0:33 of 2nd period - Shot Misses the Net.
0:35 of 2nd period - Snap shot by Petr Sykora.
0:35 of 2nd period - Shot Blocked by Petteri Nokelainen.
0:37 of 2nd period - Backhand shot by Riley Armstrong.
0:37 of 2nd period - Shot Misses the Net.
0:46 of 2nd period - Off-side.
0:47 of 2nd period - Alyn McCauley wins face-off versus Spencer Machacek in neutral zone.
1:00 of 2nd period - Stu Bickel is hit by Eric Tangradi and loses puck.
1:12 of 2nd period - Alyn McCauley is hit by Tyler Kennedy and loses puck.
2:17 of 2nd period - Wrist shot by Jimmie Olvestad.
2:17 of 2nd period - Shot Blocked by Eric Tangradi.
2:19 of 2nd period - Snap shot by Alyn McCauley.
2:19 of 2nd period - Shot Misses the Net.
2:21 of 2nd period - Snap shot by Alyn McCauley.
2:21 of 2nd period - Goal by Alyn McCauley - Manchots : 2 - Punishers : 2.
2:22 of 2nd period - Martin Hanzal wins face-off versus Dave Bolland in neutral zone.
2:22 of 2nd period - Alexander Radulov is hit by Dave Bolland and loses puck.
2:29 of 2nd period - Snap shot by Alexander Radulov.
2:29 of 2nd period - Stopped by Karri Ramo without a rebound.
2:30 of 2nd period - Martin Hanzal wins face-off versus Dave Bolland in Punishers zone.
2:38 of 2nd period - Minor Penalty to Mike Grier for Interference.
2:39 of 2nd period - Petteri Nokelainen wins face-off versus Riley Armstrong in Punishers zone.
3:04 of 2nd period - Stanislav Neckar is hit by Kirk Maltby and loses puck.
3:45 of 2nd period - Slapshot by Jimmie Olvestad.
3:45 of 2nd period - Stopped by Ondrej Pavelec without a rebound.
3:46 of 2nd period - Andrew Murray wins face-off versus Dave Bolland in Manchots zone.
4:12 of 2nd period - Icing by Pernell Karl Subban.
4:13 of 2nd period - Riley Armstrong wins face-off versus Petteri Nokelainen in Manchots zone.
4:24 of 2nd period - Jean-Luc Grand-Pierre is hit by Ben Eager and loses puck.
4:38 of 2nd period - Penalty to Mike Grier is over, Mike Grier is back on ice.
4:43 of 2nd period - Marc-André Bergeron is hit by Andrew Murray and loses puck.
5:18 of 2nd period - Slapshot by Marc-André Bergeron.
5:18 of 2nd period - Shot Misses the Net.
5:20 of 2nd period - Slapshot by Marc-André Bergeron.
5:20 of 2nd period - Shot Hit the Post.
5:22 of 2nd period - Slapshot by Jean-Luc Grand-Pierre.
5:22 of 2nd period - Deflect By Bryan Allen.
5:22 of 2nd period - Stopped by Ondrej Pavelec with a rebound.
5:24 of 2nd period - Slapshot by Mike Blunden.
5:24 of 2nd period - Stopped by Ondrej Pavelec without a rebound.
5:25 of 2nd period - Riley Armstrong wins face-off versus Petteri Nokelainen in Manchots zone.
5:49 of 2nd period - Kirk Maltby is hit by Ben Eager and loses puck.
6:19 of 2nd period - Wrist shot by Alexander Radulov.
6:19 of 2nd period - Stopped by Karri Ramo with a rebound.
6:21 of 2nd period - Wrist shot by Martin Hanzal.
6:21 of 2nd period - Shot Blocked by Chris Conner.
6:28 of 2nd period - Icing by Stu Bickel.
6:29 of 2nd period - Tyler Kennedy wins face-off versus Ryan White in Punishers zone.
6:38 of 2nd period - Bryan Allen is hit by Mike Blunden and loses puck.
7:02 of 2nd period - Snap shot by Martin Hanzal.
7:02 of 2nd period - Shot Blocked by Kirk Maltby.
7:04 of 2nd period - Slapshot by Pernell Karl Subban.
7:04 of 2nd period - Shot Blocked by Pavel Valentenko.
7:06 of 2nd period - Snap shot by Martin Hanzal.
7:06 of 2nd period - Stopped by Karri Ramo with a rebound.
7:08 of 2nd period - Snap shot by Alexander Radulov.
7:08 of 2nd period - Stopped by Karri Ramo with a rebound.
7:22 of 2nd period - Snap shot by Adam Pineault.
7:22 of 2nd period - Goal by Adam Pineault - Manchots : 2 - Punishers : 3.
7:23 of 2nd period - Martin Hanzal wins face-off versus Dave Bolland in neutral zone.
8:54 of 2nd period - Off-side.
8:55 of 2nd period - Dave Bolland wins face-off versus Riley Armstrong in neutral zone.
9:05 of 2nd period - Wrist shot by Mike Grier.
9:05 of 2nd period - Stopped by Ondrej Pavelec with a rebound.
9:07 of 2nd period - Slapshot by Mark Fraser.
9:07 of 2nd period - Deflect By Dave Bolland.
9:07 of 2nd period - Stopped by Ondrej Pavelec with a rebound.
9:09 of 2nd period - Wrist shot by Mike Grier.
9:09 of 2nd period - Goal by Mike Grier - Manchots : 2 - Punishers : 4.
9:09 of 2nd period - Manny Fernandez enters game.
9:10 of 2nd period - Martin Hanzal wins face-off versus Dave Bolland in neutral zone.
9:16 of 2nd period - Minor Penalty to Jean-Luc Grand-Pierre for Delaying the game.
9:17 of 2nd period - Riley Armstrong wins face-off versus Kirk Maltby in Punishers zone.
9:49 of 2nd period - Wrist shot by Dave Bolland.
9:49 of 2nd period - Shot Misses the Net.
10:06 of 2nd period - Off-side.
10:07 of 2nd period - Riley Armstrong wins face-off versus Mike Grier in neutral zone.
10:18 of 2nd period - Slapshot by Riley Armstrong.
10:18 of 2nd period - Goal by Riley Armstrong - Manchots : 3 - Punishers : 4.
10:19 of 2nd period - Kirk Maltby wins face-off versus Martin Hanzal in neutral zone.
10:22 of 2nd period - Martin Hanzal is hit by Mike Grier and loses puck.
10:55 of 2nd period - Snap shot by Martin Hanzal.
10:55 of 2nd period - Shot Misses the Net.
11:13 of 2nd period - Slapshot by Martin Hanzal.
11:13 of 2nd period - Shot Misses the Net.
11:15 of 2nd period - Slapshot by Pernell Karl Subban.
11:15 of 2nd period - Stopped by Karri Ramo without a rebound.
11:16 of 2nd period - Riley Armstrong wins face-off versus Dave Bolland in Punishers zone.
11:52 of 2nd period - Stu Bickel is hit by Spencer Machacek and loses puck.
12:26 of 2nd period - Wrist shot by Jimmie Olvestad.
12:26 of 2nd period - Stopped by Manny Fernandez with a rebound.
13:06 of 2nd period - Snap shot by Kris Chucko.
13:06 of 2nd period - Stopped by Manny Fernandez without a rebound.
13:07 of 2nd period - Martin Hanzal wins face-off versus Ryan White in Manchots zone.
13:07 of 2nd period - Martin Hanzal is hit by Kris Chucko.
13:23 of 2nd period - Snap shot by Alexander Radulov.
13:23 of 2nd period - Shot Misses the Net.
13:25 of 2nd period - Snap shot by Martin Hanzal.
13:25 of 2nd period - Stopped by Karri Ramo without a rebound.
13:26 of 2nd period - Riley Armstrong wins face-off versus Dave Bolland in Punishers zone.
13:29 of 2nd period - Wrist shot by Riley Armstrong.
13:29 of 2nd period - Stopped by Karri Ramo without a rebound.
13:30 of 2nd period - Riley Armstrong wins face-off versus Dave Bolland in Punishers zone.
13:31 of 2nd period - Snap shot by Petr Sykora.
13:31 of 2nd period - Stopped by Karri Ramo without a rebound.
13:32 of 2nd period - Riley Armstrong wins face-off versus Dave Bolland in Punishers zone.
13:33 of 2nd period - Slapshot by Petr Sykora.
13:33 of 2nd period - Shot Blocked by Marc-André Bergeron.
13:35 of 2nd period - Slapshot by Bryan Allen.
13:35 of 2nd period - Stopped by Karri Ramo with a rebound.
13:39 of 2nd period - Wrist shot by Riley Armstrong.
13:39 of 2nd period - Shot Misses the Net.
13:41 of 2nd period - Wrist shot by Bobby Butler.
13:41 of 2nd period - Goal by Bobby Butler - Manchots : 4 - Punishers : 4.
13:42 of 2nd period - Alexander Radulov wins face-off versus Dave Bolland in neutral zone.
13:45 of 2nd period - Slapshot by Bryan Allen.
13:45 of 2nd period - Shot Blocked by Dave Bolland.
13:47 of 2nd period - Wrist shot by Jamie Benn.
13:47 of 2nd period - Stopped by Karri Ramo with a rebound.
13:49 of 2nd period - Wrist shot by Bryan Allen.
13:49 of 2nd period - Deflect By Martin Hanzal.
13:49 of 2nd period - Shot Blocked by Jean-Luc Grand-Pierre.
13:49 of 2nd period - Puck is out of play.
13:50 of 2nd period - Martin Hanzal wins face-off versus Dave Bolland in Punishers zone.
14:03 of 2nd period - Slapshot by Martin Hanzal.
14:03 of 2nd period - Shot Misses the Net.
14:23 of 2nd period - Snap shot by Riley Armstrong.
14:23 of 2nd period - Stopped by Karri Ramo without a rebound.
14:24 of 2nd period - Martin Hanzal wins face-off versus Dave Bolland in Punishers zone.
14:33 of 2nd period - Wrist shot by Mike Grier.
14:33 of 2nd period - Shot Blocked by Stanislav Neckar.
14:35 of 2nd period - Slapshot by Dave Bolland.
14:35 of 2nd period - Stopped by Manny Fernandez with a rebound.
14:37 of 2nd period - Wrist shot by Kirk Maltby.
14:37 of 2nd period - Shot Misses the Net.
15:51 of 2nd period - Off-side.
15:52 of 2nd period - Ryan White wins face-off versus Martin Hanzal in neutral zone.
15:55 of 2nd period - Wrist shot by Mike Blunden.
15:55 of 2nd period - Goal by Mike Blunden - Manchots : 4 - Punishers : 5.
15:56 of 2nd period - Martin Hanzal wins face-off versus Dave Bolland in neutral zone.
16:09 of 2nd period - Snap shot by Dave Bolland.
16:09 of 2nd period - Shot Misses the Net.
16:21 of 2nd period - Bryan Allen is hit by Marc-André Bergeron and loses puck.
16:30 of 2nd period - Slapshot by Sandis Ozolinsh.
16:30 of 2nd period - Stopped by Karri Ramo with a rebound.
17:16 of 2nd period - Wrist shot by Cal Clutterbuck.
17:16 of 2nd period - Shot Blocked by Pavel Valentenko.
17:16 of 2nd period - Pavel Valentenko from Punishers is injured at 17:16 of 2nd period (Right Hand).
17:17 of 2nd period - Dave Bolland wins face-off versus Martin Hanzal in Punishers zone.
17:26 of 2nd period - Snap shot by Alexander Radulov.
17:26 of 2nd period - Stopped by Karri Ramo with a rebound.
17:28 of 2nd period - Snap shot by Jamie Benn.
17:28 of 2nd period - Goal by Jamie Benn - Manchots : 5 - Punishers : 5.
17:29 of 2nd period - Martin Hanzal wins face-off versus Dave Bolland in neutral zone.
18:05 of 2nd period - Snap shot by Ben Eager.
18:05 of 2nd period - Shot Misses the Net.
18:07 of 2nd period - Wrist shot by Andrew Murray.
18:07 of 2nd period - Stopped by Karri Ramo without a rebound.
18:08 of 2nd period - Martin Hanzal wins face-off versus Alyn McCauley in Punishers zone.
18:09 of 2nd period - Wrist shot by Alexander Radulov.
18:09 of 2nd period - Goal by Alexander Radulov - Manchots : 6 - Punishers : 5.
18:10 of 2nd period - Alexander Radulov wins face-off versus Dave Bolland in neutral zone.
18:15 of 2nd period - Snap shot by Martin Hanzal.
18:15 of 2nd period - Stopped by Karri Ramo with a rebound.
18:39 of 2nd period - Snap shot by Jean-Luc Grand-Pierre.
18:39 of 2nd period - Deflect By Petr Sykora.
18:39 of 2nd period - Stopped by Manny Fernandez without a rebound.
18:40 of 2nd period - Alyn McCauley wins face-off versus Petr Sykora in Manchots zone.
18:43 of 2nd period - Slapshot by Alyn McCauley.
18:43 of 2nd period - Shot Blocked by Petr Sykora.
18:53 of 2nd period - Slapshot by Chris Conner.
18:53 of 2nd period - Stopped by Manny Fernandez without a rebound.
18:54 of 2nd period - Dave Bolland wins face-off versus Martin Hanzal in Manchots zone.
18:57 of 2nd period - Wrist shot by Dave Bolland.
18:57 of 2nd period - Shot Misses the Net.
18:59 of 2nd period - Slapshot by Marc-André Bergeron.
18:59 of 2nd period - Deflect By Kirk Maltby.
18:59 of 2nd period - Shot Misses the Net.
18:59 of 2nd period - Puck is out of play.
19:00 of 2nd period - Martin Hanzal wins face-off versus Dave Bolland in Manchots zone.
19:59 of 2nd period - Bobby Butler is hit by Adam Pineault and loses puck.
3rd period
0:01 of 3rd period - Riley Armstrong wins face-off versus Dave Bolland in neutral zone.
0:26 of 3rd period - Pernell Karl Subban is hit by Adam Pineault.
0:58 of 3rd period - Jamie Benn is hit by Jimmie Olvestad and loses puck.
1:38 of 3rd period - Adam Pineault is hit by Tyler Kennedy and loses puck.
1:59 of 3rd period - Wrist shot by Martin Hanzal.
1:59 of 3rd period - Stopped by Karri Ramo with a rebound.
2:01 of 3rd period - Snap shot by Jamie Benn.
2:01 of 3rd period - Shot Misses the Net.
2:20 of 3rd period - Snap shot by Jimmie Olvestad.
2:20 of 3rd period - Shot Misses the Net.
2:22 of 3rd period - Slapshot by Stu Bickel.
2:22 of 3rd period - Shot Blocked by Matt Corrente.
2:34 of 3rd period - Ryan White is hit by Riley Armstrong and loses puck.
2:51 of 3rd period - Minor Penalty to Mike Grier for Tripping.
2:52 of 3rd period - Petteri Nokelainen wins face-off versus Riley Armstrong in Punishers zone.
4:17 of 3rd period - Andrew Murray is hit by Jimmie Olvestad.
4:51 of 3rd period - Penalty to Mike Grier is over, Mike Grier is back on ice.
5:44 of 3rd period - Icing by Stanislav Neckar.
5:45 of 3rd period - Martin Hanzal wins face-off versus Alyn McCauley in Manchots zone.
6:06 of 3rd period - Minor Penalty to Adam Pineault for High sticking.
6:07 of 3rd period - Mike Grier wins face-off versus Riley Armstrong in Punishers zone.
6:07 of 3rd period - Mike Grier is hit by Bryan Allen.
6:21 of 3rd period - Slapshot by Stanislav Neckar.
6:21 of 3rd period - Shot Blocked by Kirk Maltby.
6:23 of 3rd period - Snap shot by Riley Armstrong.
6:23 of 3rd period - Stopped by Karri Ramo without a rebound.
6:24 of 3rd period - Andrew Murray wins face-off versus Mike Grier in Punishers zone.
6:38 of 3rd period - Off-side.
6:39 of 3rd period - Riley Armstrong wins face-off versus Mike Grier in neutral zone.
6:52 of 3rd period - Slapshot by Riley Armstrong.
6:52 of 3rd period - Goal by Riley Armstrong - Manchots : 7 - Punishers : 5.
6:53 of 3rd period - Dave Bolland wins face-off versus Martin Hanzal in neutral zone.
6:57 of 3rd period - Off-side.
6:58 of 3rd period - Martin Hanzal wins face-off versus Dave Bolland in neutral zone.
7:10 of 3rd period - Slapshot by Jean-Luc Grand-Pierre.
7:10 of 3rd period - Stopped by Manny Fernandez without a rebound.
7:11 of 3rd period - Jamie Benn wins face-off versus Dave Bolland in Manchots zone.
7:43 of 3rd period - Wrist shot by Petr Sykora.
7:43 of 3rd period - Shot Misses the Net.
7:45 of 3rd period - Slapshot by Pernell Karl Subban.
7:45 of 3rd period - Stopped by Karri Ramo with a rebound.
7:47 of 3rd period - Snap shot by Riley Armstrong.
7:47 of 3rd period - Shot Misses the Net.
7:57 of 3rd period - Mark Fraser is hit by Cal Clutterbuck and loses puck.
8:40 of 3rd period - Snap shot by Ryan White.
8:40 of 3rd period - Goal by Ryan White - Manchots : 7 - Punishers : 6.
8:41 of 3rd period - Martin Hanzal wins face-off versus Dave Bolland in neutral zone.
8:47 of 3rd period - Minor Penalty to Kirk Maltby for Hooking.
8:48 of 3rd period - Riley Armstrong wins face-off versus Mike Grier in Punishers zone.
8:49 of 3rd period - Snap shot by Petr Sykora.
8:49 of 3rd period - Deflect By Ben Eager.
8:49 of 3rd period - Goal by Ben Eager - Manchots : 8 - Punishers : 6.
8:49 of 3rd period - Curtis McElhinney enters game.
8:50 of 3rd period - Riley Armstrong wins face-off versus Dave Bolland in neutral zone.
9:03 of 3rd period - Snap shot by Kirk Maltby.
9:03 of 3rd period - Shot Misses the Net.
9:05 of 3rd period - Slapshot by Marc-André Bergeron.
9:05 of 3rd period - Stopped by Manny Fernandez without a rebound.
9:06 of 3rd period - Martin Hanzal wins face-off versus Alyn McCauley in Manchots zone.
9:19 of 3rd period - Snap shot by Jimmie Olvestad.
9:19 of 3rd period - Deflect By Chris Conner.
9:19 of 3rd period - Shot Misses the Net.
9:19 of 3rd period - Puck is out of play.
9:20 of 3rd period - Kirk Maltby wins face-off versus Riley Armstrong in Manchots zone.
9:21 of 3rd period - Wrist shot by Mike Grier.
9:21 of 3rd period - Stopped by Manny Fernandez with a rebound.
9:23 of 3rd period - Snap shot by Kirk Maltby.
9:23 of 3rd period - Shot Misses the Net.
9:25 of 3rd period - Slapshot by Marc-André Bergeron.
9:25 of 3rd period - Stopped by Manny Fernandez with a rebound.
9:31 of 3rd period - Snap shot by Kirk Maltby.
9:31 of 3rd period - Stopped by Manny Fernandez without a rebound.
9:32 of 3rd period - Mike Grier wins face-off versus Martin Hanzal in Manchots zone.
9:47 of 3rd period - Double Minor Penalty to Bryan Allen for High sticking.
9:48 of 3rd period - Mike Grier wins face-off versus Petr Sykora in Manchots zone.
10:00 of 3rd period - Off-side.
10:01 of 3rd period - Dave Bolland wins face-off versus Riley Armstrong in neutral zone.
10:12 of 3rd period - Snap shot by Mike Grier.
10:12 of 3rd period - Shot Blocked by Matt Corrente.
10:14 of 3rd period - Slapshot by Jean-Luc Grand-Pierre.
10:14 of 3rd period - Deflect By Mike Grier.
10:14 of 3rd period - Deflect By Riley Armstrong.
10:14 of 3rd period - Shot Blocked by Matt Corrente.
10:14 of 3rd period - Puck is out of play.
10:15 of 3rd period - Petr Sykora wins face-off versus Dave Bolland in Manchots zone.
10:24 of 3rd period - Stanislav Neckar is hit by Kirk Maltby.
12:22 of 3rd period - Sandis Ozolinsh is hit by Adam Pineault and loses puck.
13:47 of 3rd period - Penalty to Bryan Allen is over, Bryan Allen is back on ice.
14:10 of 3rd period - Matt Corrente is hit by Jean-Luc Grand-Pierre.
14:32 of 3rd period - Minor Penalty to Jamie Benn for Hooking.
14:33 of 3rd period - Petr Sykora wins face-off versus Dave Bolland in Manchots zone.
14:33 of 3rd period - Petr Sykora is hit by Dave Bolland.
14:44 of 3rd period - Slapshot by Stu Bickel.
14:44 of 3rd period - Deflect By Riley Armstrong.
14:44 of 3rd period - Stopped by Manny Fernandez without a rebound.
14:45 of 3rd period - Dave Bolland wins face-off versus Petr Sykora in Manchots zone.
15:35 of 3rd period - Slapshot by Mike Grier.
15:35 of 3rd period - Stopped by Manny Fernandez with a rebound.
15:37 of 3rd period - Slapshot by Stu Bickel.
15:37 of 3rd period - Stopped by Manny Fernandez without a rebound.
15:38 of 3rd period - Petr Sykora wins face-off versus Dave Bolland in Manchots zone.
15:38 of 3rd period - Petr Sykora is hit by Stu Bickel.
16:04 of 3rd period - Off-side.
16:05 of 3rd period - Alyn McCauley wins face-off versus Andrew Murray in neutral zone.
16:08 of 3rd period - Stanislav Neckar is hit by Chris Conner and loses puck.
16:29 of 3rd period - Marc-André Bergeron is hit by Petr Sykora and loses puck.
16:32 of 3rd period - Penalty to Jamie Benn is over, Jamie Benn is back on ice.
16:34 of 3rd period - Wrist shot by Petr Sykora.
16:34 of 3rd period - Stopped by Curtis McElhinney with a rebound.
16:48 of 3rd period - Snap shot by Alyn McCauley.
16:48 of 3rd period - Deflect By Riley Armstrong.
16:48 of 3rd period - Shot Misses the Net.
16:48 of 3rd period - Puck is out of play.
16:49 of 3rd period - Petteri Nokelainen wins face-off versus Andrew Murray in Manchots zone.
16:50 of 3rd period - Wrist shot by Viktor Stalberg.
16:50 of 3rd period - Deflect By Adam Pineault.
16:50 of 3rd period - Shot Blocked by Kris Russell.
16:50 of 3rd period - Puck is out of play.
16:51 of 3rd period - Andrew Murray wins face-off versus Petteri Nokelainen in Manchots zone.
17:16 of 3rd period - Kris Russell is hit by Mark Fraser.
17:42 of 3rd period - Jimmie Olvestad is hit by Riley Armstrong and loses puck.
17:55 of 3rd period - Slapshot by Marc-André Bergeron.
17:55 of 3rd period - Shot Blocked by Bryan Allen.
17:57 of 3rd period - Snap shot by Ryan White.
17:57 of 3rd period - Shot Misses the Net.
17:59 of 3rd period - Slapshot by Jean-Luc Grand-Pierre.
17:59 of 3rd period - Shot Blocked by Bryan Allen.
18:01 of 3rd period - Wrist shot by Mike Blunden.
18:01 of 3rd period - Goal by Mike Blunden - Manchots : 8 - Punishers : 7.
18:02 of 3rd period - Petteri Nokelainen wins face-off versus Andrew Murray in neutral zone.
18:05 of 3rd period - Wrist shot by Mark Fraser.
18:05 of 3rd period - Shot Blocked by Ben Eager.
18:07 of 3rd period - Slapshot by Stu Bickel.
18:07 of 3rd period - Stopped by Manny Fernandez with a rebound.
18:09 of 3rd period - Slapshot by Stu Bickel.
18:09 of 3rd period - Stopped by Manny Fernandez with a rebound.
18:11 of 3rd period - Wrist shot by Viktor Stalberg.
18:11 of 3rd period - Stopped by Manny Fernandez with a rebound.
18:13 of 3rd period - Slapshot by Stu Bickel.
18:13 of 3rd period - Stopped by Manny Fernandez with a rebound.
18:15 of 3rd period - Wrist shot by Viktor Stalberg.
18:15 of 3rd period - Shot Misses the Net.
18:17 of 3rd period - Wrist shot by Petteri Nokelainen.
18:17 of 3rd period - Shot Misses the Net.
18:53 of 3rd period - Snap shot by Alyn McCauley.
18:53 of 3rd period - Stopped by Manny Fernandez without a rebound.
18:54 of 3rd period - John Anderson call a timeout for Punishers.
18:54 of 3rd period - Riley Armstrong wins face-off versus Dave Bolland in Manchots zone.
18:59 of 3rd period - Slapshot by Riley Armstrong.
18:59 of 3rd period - Stopped by Curtis McElhinney without a rebound.
19:00 of 3rd period - Riley Armstrong wins face-off versus Dave Bolland in Punishers zone.
19:07 of 3rd period - Punishers, Curtis McElhinney is pulled from the net.
19:07 of 3rd period - Slapshot by Mike Grier.
19:07 of 3rd period - Stopped by Manny Fernandez with a rebound.
19:09 of 3rd period - Snap shot by Kirk Maltby.
19:09 of 3rd period - Shot Blocked by Bryan Allen.
19:11 of 3rd period - Snap shot by Marc-André Bergeron.
19:11 of 3rd period - Shot Misses the Net.
19:13 of 3rd period - Wrist shot by Kirk Maltby.
19:13 of 3rd period - Shot Blocked by Petr Sykora.
19:36 of 3rd period - Slapshot by Dave Bolland.
19:36 of 3rd period - Shot Misses the Net.
19:38 of 3rd period - Snap shot by Kirk Maltby.
19:38 of 3rd period - Shot Misses the Net.
19:40 of 3rd period - Snap shot by Jean-Luc Grand-Pierre.
19:40 of 3rd period - Shot Misses the Net.
19:42 of 3rd period - Snap shot by Kirk Maltby.
19:42 of 3rd period - Stopped by Manny Fernandez without a rebound.
19:43 of 3rd period - Riley Armstrong wins face-off versus Dave Bolland in Manchots zone.
Output by the SimonT Hockey Simulator (STHS) for François Prévost -- Original Page W3C XHTML 1.0 Valid